 Dungeon Crawl Stone Soup version 0.29-a0-451-gfbfa42419e (webtiles) character file.

Game seed: 18362733588539366648

21788 Laennec the Blocker (level 13, 0/93 HPs)
             Began as a Formicid Earth Elementalist on May 13, 2022.
             Was a Believer of Ru.
             Slain by a death yak (16 damage)
             ... led by a torpor snail
             ... on level 4 of the Lair of Beasts on May 19, 2022.
             The game lasted 00:34:47 (15359 turns).

Laennec the Blocker (Formicid Earth Elementalist)  Turns: 15359, Time: 00:34:47

Health: 0/93       AC:  8    Str: 21    XL:     13   Next: 22%
Magic:  20/20      EV: 15    Int: 19    God:    Ru [**....]
Gold:   486        SH: 11    Dex:  9    Spells: 14/22 levels left

rFire   + . .      SeeInvis +   a - +3 dagger (venom)
rCold   . . .      Faith    .   E - +0 kite shield
rNeg    . . .      Spirit   .   m - +2 robe {rC+ rF+}
rPois   .          Reflect  .   (helmet unavailable)
rElec   .          Harm     .   n - +2 cloak of the Skies Above {rC- Regen+ Str+3}
rCorr   .          Rampage  .   g - +0 pair of gloves
Will    ++...                   (no boots)
Stlth   ++++......              e - amulet of regeneration
HPRegen 1.85/turn               x - ring of Qiaclalubb {Will+ Str+4}
MPRegen 0.17/turn               i - +4 ring of evasion

@: no status effects
A: permanent stasis, dig shafts and tunnels, antennae 3, clumsy 1, unskilled 1,
missing an eye, four strong arms
a: Dig, Shaft Self, Renounce Religion


You were on level 4 of the Lair of Beasts.
You worshipped Ru.
Ru was pleased with you.
You visited 3 branches of the dungeon, and saw 14 of its levels.
You also visited: Ossuary and Gauntlet.

You collected 699 gold pieces.
You spent 213 gold pieces at shops.

Inventory:

Hand Weapons
 a - a +3 dagger of venom (weapon)
   (You found it on level 6 of the Dungeon)
 F - a +1 broad axe of flaming
   (You took it off Maggie on level 6 of the Dungeon)
Missiles
 D - 6 curare-tipped darts {!f}
 T - 185 stones
Armour
 g - a +0 pair of gloves (worn)
   (You found it on level 1 of the Dungeon)
 m - a +2 robe of resistance (worn)
   (You found it on level 8 of the Dungeon)
 n - the +2 cloak of the Skies Above (worn) {rC- Regen+ Str+3}
   (You found it in a Gauntlet)

   Str:       It affects your strength (+3).
   rC:        It makes you vulnerable to cold.
   Regen:     It increases your rate of health regeneration.
 E - a +0 kite shield (worn)
   (You found it on level 4 of the Dungeon)
 K - a +2 cloak of preservation
   (You found it on level 1 of the Lair of Beasts)
 W - a +1 leather armour of poison resistance
   (You found it in a Gauntlet)
Magical Staves
 b - a staff of death
   (You found it in a Gauntlet)
 U - a staff of poison
   (You found it in a Gauntlet)
Jewellery
 e - an amulet of regeneration (around neck)
   (You found it on level 3 of the Dungeon)
 i - a +4 ring of evasion (right hand)
   (You took it off an orc wizard on level 8 of the Dungeon)
 o - a ring of ice
   (You found it on level 1 of the Dungeon)
 s - a +6 ring of intelligence
   (You found it on level 2 of the Dungeon)
 x - the ring of Qiaclalubb (left hand) {Will+ Str+4}
   (You found it in a Gauntlet)

   [ring of willpower]

   Str:       It affects your strength (+4).
   Will:      It increases your willpower.
 L - a ring of flight
   (You found it in an ossuary)
 N - a ring of resist corrosion
   (You found it in an ossuary)
 S - a ring of willpower
   (You found it on level 6 of the Dungeon)
Wands
 d - a wand of iceblast (6)
   (You found it on level 3 of the Dungeon)
 t - a wand of flame (8)
   (You found it on level 1 of the Lair of Beasts)
 u - a wand of paralysis (14)
   (You found it on level 3 of the Dungeon)
Scrolls
 f - 2 scrolls of enchant weapon {unknown}
 h - 2 scrolls of noise {unknown}
 r - 2 scrolls of vulnerability {!r}
 w - 3 scrolls of silence {unknown}
 y - 2 scrolls of fog {unknown}
 z - 3 scrolls of poison {!r}
 B - 4 scrolls of fear
 C - 2 scrolls of magic mapping {unknown}
 G - 4 scrolls of blinking {unknown}
 I - 2 scrolls of immolation {!r}
 M - a scroll of acquirement {unknown}
 O - 2 scrolls of summoning {unknown}
 P - a scroll of torment {unknown}
 Q - a scroll of enchant armour
 V - 2 scrolls of identify {@r1}
Potions
 c - 4 potions of might {unknown}
 j - 6 potions of resistance
 k - 6 potions of curing {@q1}
 l - 2 potions of heal wounds {@q2}
 p - a potion of brilliance
 q - 2 potions of lignification {!q}
 v - 2 potions of invisibility {unknown}
 A - 2 potions of flight
 H - a potion of attraction {unknown}
 J - 2 potions of mutation {!q}
 R - a potion of experience {unknown}


   Skills:
 - Level 6.0 Fighting
 - Level 5.0 Short Blades
 - Level 4.5 Armour
 - Level 1.5 Dodging
 * Level 10.3 Stealth
 - Level 12.0 Shields
 - Level 5.0 Spellcasting
 - Level 4.0 Conjurations
 - Level 7.0 Transmutations
 - Level 10.0 Earth Magic
 - Level 4.5 Evocations


You had 14 spell levels left.
You knew the following spells:

 Your Spells              Type           Power      Damage    Failure   Level
a - Sandblast             Erth           84%        2d18      1%          1
b - Petrify               Tmut/Erth      37%        N/A       6%          4
x - Stone Arrow           Conj/Erth      62%        3d10      3%          3

Your spell library contained the following spells:

 Spells                   Type           Power      Damage    Failure   Level
 Passwall                 Tmut/Erth      30%        N/A       1%          2
 Wereblood                Tmut           31%        N/A       1%          2
 Magic Dart               Conj           76%        1d6       4%          1
 Searing Ray              Conj           38%        2d5       6%          2
 Pain                     Necr           16%        1d4       22%         1
 Dazzling Flash           Conj/Hex       24%        N/A       28%         3
 Ensorcelled Hibernation  Hex/Ice        8%         N/A       32%         2
 Sublimation of Blood     Necr           4%         N/A       32%         2
 Fulminant Prism          Conj/Hex       6%         3d7       67%         4
 Summon Lightning Spire   Summ/Air       4%         N/A       91%         4
 Agony                    Necr           4%         N/A       99%         5
 Silence                  Hex/Air        2%         N/A       99%         5
 Storm Form               Tmut/Air       9%         N/A       100%        7
 Summon Hydra             Summ           2%         N/A       100%        7
 Maxwell's Capacitive Co  Air            2%         ∞         100%        8
 Swiftness                Air            Unusable   N/A       N/A         3

Dungeon Overview and Level Annotations

Branches:
Dungeon (9/15)             Temple (1/1) D:4            Lair (4/6) D:8
 Shoals (0/4) Lair:4        Snake (0/4) Lair:3      Ossuary (visited)
Gauntlet (visited)
    Orc: D:9-12

Altars:
Ashenzari
Cheibriados
Dithmenos
Elyvilon
Fedhas
Gozag
Hepliaklqana
Kikubaaqudgha
Makhleb
Nemelex Xobeh
Okawaru
Qazlal
Ru
Sif Muna
Trog
Uskayaw
Vehumet
Wu Jian
Xom
Yredelemnul
Zin
The Shining One
Jiyva

Shops:
D:2 (   D:5 ?   D:7 =

Annotations:
Lair:2 3 runed translucent doors, croobank's ghost, journeyman GnDe


Innate Abilities, Weirdness & Mutations

You cannot be hasted, slowed, berserked, paralysed or teleported.
You can dig through walls and to a lower floor.
You have a pair of large antennae on your head. (SInv)
You are clumsy. (Dex -2)
You are somewhat unskilled. (-1 Apt)
You are missing an eye, making it more difficult to aim.
Your four strong arms can wield two-handed weapons with a shield.


Message History

The torpor snail completely misses you.
You barely miss the torpor snail. The death yak gores you!!
* * * LOW HITPOINT WARNING * * *
The bullfrog gives a loud, deep croak!
You hit the death yak but do no damage.
The death yak looks as sick as possible!
The torpor snail barely misses you. The death yak gores you!
* * * LOW HITPOINT WARNING * * *
You barely miss the death yak. The death yak gores you!
* * * LOW HITPOINT WARNING * * *
The torpor snail misses you.
You hit the death yak. The death yak completely misses you.
Unknown command.
You hit the death yak but do no damage.
The death yak looks as sick as possible!
The torpor snail bites you.
* * * LOW HITPOINT WARNING * * *
You hit the death yak.
The death yak looks as sick as possible!
You redirect the death yak's attack!
The death yak gores the bullfrog!
Unknown command.
You hit the death yak but do no damage.
The death yak looks as sick as possible!
You redirect the death yak's attack!
The death yak barely misses itself.
You block the torpor snail's attack.
Unknown command.
You hit the death yak but do no damage.
The death yak looks as sick as possible!
You block the death yak's attack.
Unknown command.
You closely miss the death yak.
The torpor snail bites you but does no damage.
You block the death yak's attack.
Unknown command.
You hit the death yak but do no damage.
The death yak looks as sick as possible!
You redirect the death yak's attack!
The death yak gores itself but does no damage.
The torpor snail is stunned by your conviction and fails to attack.
Unknown command.
You closely miss the death yak. You block the death yak's attack.
Unknown command.
You closely miss the death yak.
The torpor snail bites you but does no damage.
Unknown command.
You hit the death yak but do no damage.
The death yak looks as sick as possible!
The death yak gores you!
You die...

## ###### ## # .##.##..#P##.# .#
............. ... ............
... ......... .. ## ###......#.#
## #.###.P...##..#...#
..........@wF.......
...........Y........
...............................
#......#.##...##.##.##.#.......
#....# ###...#### ##### #...#
#....###.##...# ###.#####...####
#.....##......####..#.#.#P.....##
.................................
.....§...........................


You could see a death yak (extremely poisoned), a torpor snail (very poisoned)
and a bullfrog.

Vanquished Creatures
  Gastronok (Lair:1)
  A minotaur (Gauntlet)
  A boulder beetle (Lair:2)
  A hell beast (Gauntlet)
  2 hydras
  A catoblepas (Lair:4)
  Sonja (Lair:1)
  Amaemon (Lair:3)
  A merfolk siren (Lair:4)
  5 black mambas
  A torpor snail (Lair:4)
  6 cane toads
  A gargoyle (Gauntlet)
  Maggie (D:6)
  3 rime drakes
  4 komodo dragons
  A merfolk (Lair:4)
  A polar bear (Lair:4)
  2 hornets
  5 blink frogs (Lair:2)
  A wraith (Ossuary)
  12 yaks
  3 basilisks
  2 wyverns
  2 nagas (Lair:3)
  10 water moccasins
  A hell hound (Gauntlet)
  Duvessa (D:7)
  A black bear (D:3)
  2 orc warriors (D:8)
  A centaur (D:8)
  14 wolves
  2 ogres (D:6)
  2 kobold brigands
  15 bullfrogs
  Dowan (D:7)
  6 jellies
  6 orc priests
  5 hounds
  Jessica (D:2)
  4 iguanas
  3 orc wizards
  3 mummies (Ossuary)
  4 adders
  3 shadow imps
  A white imp (D:7)
  2 ufetubi
  A worm (D:4)
  4 dart slugs
  23 orcs
  8 endoplasms
  8 goblins
  5 hobgoblins
  4 jackals (D:1)
  15 kobolds
  3 quokkas
  7 ball pythons
  9 bats
  4 frilled lizards
  5 goblin zombies (Ossuary)
  A hobgoblin zombie (Ossuary)
  3 kobold zombies (Ossuary)
  5 rats
253 creatures vanquished.

Vanquished Creatures (others)
  A yak (Lair:1)
  A water moccasin (D:8)
  An orc (D:6)
  A demonic plant (Gauntlet)
  26 fungi
  37 plants
67 creatures vanquished.

Grand Total: 320 creatures vanquished

Notes
Turn   | Place    | Note
-------+----------+-------------------------------------------
     0 | D:1      | Laennec the Formicid Earth Elementalist began the quest for
                  | the Orb.
     0 | D:1      | Reached XP level 1. HP: 13/13 MP: 3/3
   721 | D:1      | Reached XP level 2. HP: 15/19 MP: 3/5
  1601 | D:1      | Found a faded altar of an unknown god.
  1617 | D:1      | Reached XP level 3. HP: 21/24 MP: 6/6
  1776 | D:1      | Reached skill level 5 in Earth Magic
  2606 | D:2      | Reached skill level 1 in Armour
  2606 | D:2      | Reached XP level 4. HP: 30/30 MP: 6/8
  2780 | D:2      | Noticed Jessica
  2789 | D:2      | Killed Jessica
  2841 | D:2      | Found Ciorrul's Antique Weapon Shop.
  3577 | D:3      | Reached XP level 5. HP: 15/35 MP: 5/9
  3810 | D:3      | Noticed a black bear
  3812 | D:3      | Killed a black bear
  3813 | D:3      | Reached XP level 6. HP: 41/41 MP: 7/10
  4390 | D:4      | Found a staircase to the Ecumenical Temple.
  4410 | Temple   | Entered the Ecumenical Temple
  4455 | Temple   | Became a worshipper of Ru the Awakened
  4576 | D:4      | Reached skill level 5 in Armour
  4798 | D:4      | Found a sand-covered staircase.
  4802 | Ossuary  | Entered an ossuary
  4802 | Ossuary  | Noticed a wraith
  4802 | Ossuary  | Noticed a wraith
  4802 | Ossuary  | Noticed a wraith
  4856 | Ossuary  | Noticed a wraith
  4870 | Ossuary  | Killed a wraith
  4871 | Ossuary  | Reached XP level 7. HP: 49/50 MP: 8/11
  5731 | D:4      | Reached skill level 1 in Evocations
  5882 | D:4      | Gained mutation: You are missing an eye, making it more
                  | difficult to aim. [Ru sacrifice]
  5882 | D:4      | Reached * piety under Ru
  5977 | D:5      | Entered Level 5 of the Dungeon
  6024 | D:5      | Found Xojaja Ugrua's Magic Scroll Shoppe.
  6031 | D:5      | Bought a scroll of identify for 26 gold pieces
  6031 | D:5      | Bought a scroll of enchant armour for 97 gold pieces
  6031 | D:5      | Bought a scroll of immolation for 45 gold pieces
  6031 | D:5      | Bought a scroll of fear for 45 gold pieces
  6116 | D:5      | Reached skill level 1 in Shields
  6397 | D:5      | You fall into a shaft and drop 3 floors!
  6397 | D:8      | Noticed a yak
  6416 | D:8      | Killed a yak
  6417 | D:8      | Reached skill level 2 in Shields
  6417 | D:8      | Reached XP level 8. HP: 32/58 MP: 11/13
  6494 | D:8      | Noticed a hornet
  6497 | D:8      | Reached skill level 3 in Shields
  6509 | D:8      | Killed a hornet
  6510 | D:8      | Reached skill level 4 in Shields
  6776 | D:6      | Reached XP level 9. HP: 63/63 MP: 13/15
  6792 | D:6      | Noticed a hornet
  6807 | D:6      | Killed a hornet
  6808 | D:6      | Reached skill level 6 in Shields
  6908 | D:6      | Noticed Maggie
  7183 | D:5      | Reached skill level 5 in Evocations
  7318 | D:6      | Learned a level 3 spell: Stone Arrow
  7476 | D:6      | Reached skill level 7 in Shields
  7535 | D:6      | Reached skill level 1 in Conjurations
  7560 | D:6      | Killed Maggie
  7813 | D:6      | Reached skill level 8 in Shields
  8814 | D:7      | Found Ekiseuss's Jewellery Emporium.
  8851 | D:7      | Gained mutation: You are somewhat unskilled. (-1 Apt) [Ru
                  | sacrifice]
  8851 | D:7      | Reached ** piety under Ru
  8899 | D:7      | Reached XP level 10. HP: 62/68 MP: 15/15
  8981 | D:7      | Found a broken altar of Ashenzari.
  8984 | D:7      | Noticed Dowan
  8986 | D:7      | Noticed Duvessa
  9303 | D:8      | Reached skill level 9 in Shields
  9308 | D:8      | Reached skill level 10 in Shields
  9325 | D:7      | Killed Dowan
  9331 | D:7      | Killed Duvessa
  9439 | D:8      | Reached skill level 11 in Shields
  9549 | D:8      | Found a staircase to the Lair.
  9940 | D:9      | Noticed a kobold demonologist
  9940 | D:9      | Noticed a centaur warrior
  9968 | Lair:1   | Entered Level 1 of the Lair of Beasts
  9977 | Lair:1   | Noticed Gastronok
  9990 | Lair:1   | Killed Gastronok
  9991 | Lair:1   | Reached skill level 12 in Shields
  9991 | Lair:1   | Reached skill level 5 in Fighting
  9991 | Lair:1   | Reached XP level 11. HP: 41/79 MP: 0/16
 10259 | Lair:1   | Noticed Sonja
 10480 | Lair:1   | Killed Sonja
 10619 | Lair:1   | Reached skill level 5 in Stealth
 10831 | Lair:1   | Learned a level 4 spell: Petrify
 11117 | Lair:1   | Reached skill level 10 in Earth Magic
 11217 | Lair:1   | Noticed a four-headed hydra
 11233 | Lair:1   | Killed a four-headed hydra
 11709 | Lair:1   | Reached skill level 1 in Short Blades
 11714 | Lair:1   | Reached XP level 12. HP: 27/88 MP: 9/17
 11948 | Lair:2   | Noticed a five-headed hydra
 11963 | Lair:2   | Killed a five-headed hydra
 12054 | Lair:2   | Reached skill level 5 in Transmutations
 12247 | Lair:2   | Gained mutation: You are clumsy. (Dex -2) [Ru sacrifice]
 12255 | Lair:2   | Found a runed translucent gate.
 12255 | Lair:2   | Found a runed translucent gate.
 12255 | Lair:2   | Found a runed translucent gate.
 12256 | Lair:2   | Noticed croobank's ghost (journeyman GnDe)
 12257 | Lair:2   | Noticed a great orb of eyes
 12472 | Lair:2   | Noticed a boulder beetle
 12482 | Lair:2   | Killed a boulder beetle
 12589 | Lair:2   | Identified the +0 ring mail of Fiodworo {rElec rPois rF-
                  | Slay-3}
 13082 | Lair:2   | Found a viscous altar of Jiyva.
 13172 | Lair:3   | Found a gate leading to a gauntlet.
 13182 | Lair:3   | Found a staircase to the Snake Pit.
 13187 | Gauntlet | Entered a Gauntlet
 13187 | Gauntlet | Found a transporter.
 13187 | Gauntlet | Found a transporter.
 13193 | Gauntlet | Found a transporter.
 13193 | Gauntlet | Noticed a soul eater
 13208 | Gauntlet | Found a transporter.
 13222 | Gauntlet | Noticed a catoblepas
 13223 | Gauntlet | Found a transporter.
 13223 | Gauntlet | Found a transporter.
 13223 | Gauntlet | Found a transporter.
 13225 | Gauntlet | Found a transporter.
 13225 | Gauntlet | Found a transporter.
 13234 | Gauntlet | Noticed a hell beast
 13237 | Gauntlet | Found a transporter.
 13253 | Gauntlet | Found a transporter.
 13260 | Gauntlet | Noticed a fire crab
 13263 | Gauntlet | Found a transporter.
 13287 | Gauntlet | Found a transporter.
 13304 | Gauntlet | Found a transporter.
 13305 | Gauntlet | Noticed a tengu warrior
 13462 | Gauntlet | Identified the +2 cloak of the Skies Above {rC- Regen+
                  | Str+3}
 13549 | Gauntlet | Identified the ring of Qiaclalubb {Will+ Str+4}
 13566 | Gauntlet | Killed a hell beast
 13702 | Gauntlet | Noticed a minotaur
 13718 | Gauntlet | Killed a minotaur
 14150 | Lair:3   | Reached skill level 5 in Spellcasting
 14437 | Lair:3   | Found a shimmering blue altar of Sif Muna.
 14479 | Lair:3   | Noticed Amaemon
 14500 | Lair:3   | Killed Amaemon
 14787 | Lair:4   | Reached XP level 13. HP: 72/93 MP: 12/20
 14874 | Lair:4   | Noticed a catoblepas
 14943 | Lair:4   | Killed a catoblepas
 15133 | Lair:4   | Reached skill level 5 in Short Blades
 15143 | Lair:4   | Reached skill level 10 in Stealth
 15230 | Lair:4   | Found a staircase to the Shoals.
 15320 | Lair:4   | Upgraded the game from 0.29-a0-409-gd843f3a48c to
                  | 0.29-a0-451-gfbfa42419e
 15349 | Lair:4   | HP: 1/93 [death yak[a torpor snail] (13)]
 15359 | Lair:4   | Slain by a death yak

Illustrated notes

Levels and vault maps discovered:
D:1:      dreamdust_arrival_sigmund_warning, layout_basic,
          dreamdust_ecumenical_altar_statues, chequers_serial_rivers_marsh,
          nrook_uturn
D:2:      layout_basic, serial_shops, nicolae_shop_trees, minivault_11,
          uniq_jessica
D:3:      layout_loops_cross
D:4:      layout_loops_ring, minmay_temple_entry_statues_fountains,
          nicolae_ossuary_entry_plus, kennysheep_decorative_pillar,
          amcnicky_mini_pool_small
D:5:      layout_loops_ring, serial_shops,
          nicolae_shop_temple_entry_statues_fountains
D:6:      layout_loops_ring, uniq_maggie
D:7:      layout_cave_pools, nicolae_overflow_hidden_temple, serial_shops, shop,
          enter_bailey_5, uniq_duvessa
D:8:      layout_rooms, minmay_lair_entry_grove, minmay_statues_item
D:9:      layout_long_grid, serial_shops, shop
Temple:   compressed_dpeg_circular_temple
Lair:1:   layout_layer_cave, uniq_gastronok, uniq_sonja
Lair:2:   layout_concentric_octagons, gammafunk_ghost_ooze
Lair:3:   layout_roguey, guppyfry_snake_entry_island, gauntlet_entry_generic,
          basic_altar, uniq_amaemon
Lair:4:   layout_long_grid, elwin_shoals_entry_stream

Skill      XL: |  1  2  3  4  5  6  7  8  9 10 11 12 13 |
---------------+----------------------------------------+-----
Earth Magic    | 4 5 6 7 7 10 | 10.0
Armour         | 1 3 4 5 4 |  4.5
Spellcasting   | 3 4 3 5 |  5.0
Fighting       | 2 3 2 5 6 |  6.0
Evocations     | 2 4 4 |  4.5
Shields        | 2 4 8 12 | 12.0
Conjurations   | 3 4 |  4.0
Stealth        | 5 8 10 | 10.3
Transmutations | 4 6 7 |  7.0
Short Blades   | 1 4 5 |  5.0
Dodging        | |  1.5

Action                   |  1- 3 |  4- 6 |  7- 9 | 10-12 | 13-15 || total
-------------------------+-------+-------+-------+-------+-------++-------
Melee: Unarmed           |    48 |       |       |       |       ||    48
       Short sword       |    26 |       |       |       |       ||    26
       Punch             |     1 |     2 |       |       |       ||     3
       Whip              |    33 |   119 |   207 |       |       ||   359
       Dagger            |       |       |    67 |   301 |    54 ||   422
 Cast: Sandblast         |    12 |    23 |    66 |   141 |    16 ||   258
       Stone Arrow       |       |       |       |    15 |     7 ||    22
       Petrify           |       |       |       |    25 |     1 ||    26
Invok: Sacrifice an Eye  |       |       |     1 |       |       ||     1
       Sacrifice Skill   |       |       |     1 |       |       ||     1
       Sacrifice Purity  |       |       |       |     1 |       ||     1
 Abil: Dig               |       |       |     1 |     2 |       ||     3
Evoke: Wand              |       |       |     5 |    23 |       ||    28
  Use: Scroll            |     1 |       |     6 |     8 |     2 ||    17
       Potion            |       |     1 |     1 |     5 |     1 ||     8
 Stab: Sleeping          |     4 |       |       |     5 |     1 ||    10
       Petrified         |       |       |       |    39 |     2 ||    41
       Paralysed         |       |       |       |     6 |       ||     6
       Petrifying        |       |       |       |     3 |       ||     3
       Distracted        |       |       |       |     1 |       ||     1
Armor: Robe              |    16 |       |       |    62 |    17 ||    95
       Scale mail        |    20 |    63 |   124 |    29 |       ||   236
Dodge: Dodged            |    61 |    56 |    90 |   198 |    36 ||   441
Block: Kite shield       |       |       |   117 |   244 |    32 ||   393

Table legend: (Time is in decaauts)
 A = Elapsed time spent in this place.
 B = Non-inter-level travel time spent in this place.
 C = Inter-level travel time spent in this place.
 D = Time resting spent in this place.
 E = Time spent auto-exploring this place.
 F = Levels seen in this place.
 G = Mean time per level.
                   A        B        C        D        E       F      G
               +--------+--------+--------+--------+--------+-----+--------+
         Total |  15423 |  15029 |    394 |   5381 |   6585 |  16 |  963.9 |
       Dungeon |   9262 |   8899 |    363 |   2870 |   4360 |   9 | 1029.1 |
        Temple |     57 |     46 |     11 |      0 |      0 |   1 |   57.0 |
          Lair |   4701 |   4682 |     19 |   2023 |   1729 |   4 | 1175.2 |
       Ossuary |    723 |    723 |      0 |    230 |    296 |   1 |  723.0 |
      Gauntlet |    677 |    677 |      0 |    258 |    199 |   1 |  677.0 |
               +--------+--------+--------+--------+--------+-----+--------+

Top non-repeatable levels by time:
     D:1: 2534 daAuts
  Lair:1: 1887 daAuts
     D:6: 1500 daAuts
  Lair:2: 1256 daAuts
     D:2: 1186 daAuts
     D:4: 876 daAuts
     D:7: 873 daAuts
     D:8: 845 daAuts
  Lair:4: 842 daAuts
     D:5: 813 daAuts
 Ossuary: 723 daAuts
  Lair:3: 714 daAuts
Gauntlet: 677 daAuts
     D:3: 624 daAuts
  Temple: 57 daAuts
